 Dungeon Crawl Stone Soup version 0.28.0 (webtiles) character file.

Game seed: 10589354990206159202

19 crabbyslav the Skirmisher (level 2, -1/32 HPs)
             Began as an Ogre Cinder Acolyte on Feb 10, 2022.
             Was a High Priest of Ignis.
             Slain by Ijyb (3 damage)
             ... on level 3 of the Dungeon.
             The game lasted 00:01:29 (1174 turns).

crabbyslav the Skirmisher (Ogre Cinder Acolyte)     Turns: 1174, Time: 00:01:29

Health: -1/32      AC:  3    Str: 17    XL:     2   Next: 75%
Magic:  4/4        EV:  9    Int: 15    God:    Ignis [*****.]
Gold:   32         SH:  0    Dex:  4    Spells: 2/4 levels left

rFire   + . .      SeeInvis .   h - +0 dagger (venom)
rCold   . . .      Faith    .   (no shield)
rNeg    . . .      Spirit   .   b - +0 robe
rPois   .          Reflect  .   (helmet restricted)
rElec   .          Harm     .   (no cloak)
rCorr   .          Rampage  .   (gloves unavailable)
Will    .....                   (boots unavailable)
Stlth   +.........              (no amulet)
HPRegen 0.10/turn               (no ring)
MPRegen 0.09/turn               (no ring)

@: no status effects
A: large, unfitting armour, tough skin 1
a: Renounce Religion, Fiery Armour, Foxfire Swarm, Rising Flame


You were on level 3 of the Dungeon.
You worshipped Ignis.
Ignis was extremely pleased with you.
You visited 1 branch of the dungeon, and saw 3 of its levels.

You collected 32 gold pieces.

Inventory:

Hand Weapons
 a - a -1 mace of flaming
 h - a +0 dagger of venom (weapon)
Armour
 b - a +0 robe (worn)
Scrolls
 c - a scroll of enchant armour {unknown}
 d - 3 scrolls of identify {unknown}
 e - 2 scrolls of magic mapping {unknown}
 g - a scroll of holy word {unknown}
 k - a scroll of enchant weapon {unknown}
 l - 3 scrolls of teleportation {unknown}
Potions
 f - a potion of curing {unknown}
 i - a potion of attraction {unknown}
 j - a potion of might {unknown}


   Skills:
 + Level 4.2 Fighting
 * Level 3.1 Maces & Flails
 + Level 1.7 Spellcasting
 + Level 2.9 Fire Magic


You had 2 spell levels left.
You knew the following spells:

 Your Spells              Type           Power      Damage    Failure   Level
a - Scorch                Fire           20%        2d6       11%         2

Your spell library contained the following spells:

 Spells                   Type           Power      Damage    Failure   Level
 Gell's Gravitas          Tloc           1%         N/A       56%         3
 Lesser Beckoning         Tloc           1%         N/A       56%         3
 Teleport Other           Tloc           1%         N/A       56%         3


Dungeon Overview and Level Annotations

Branches:
Dungeon (3/15)

Altars:

Shops:
D:1 [

Annotations:
D:3 Ijyb


Innate Abilities, Weirdness & Mutations

You are too large for most types of armour.
You have tough skin. (AC +1)


Message History

You aren't carrying any pieces of jewellery.
Unknown command.
A giant cockroach comes into view.
A giant cockroach is nearby!
A giant cockroach is nearby!
A giant cockroach is nearby!
The giant cockroach bites you but does no damage.
You closely miss the giant cockroach.
The giant cockroach bites you but does no damage.
The giant cockroach bites you.
You hit the giant cockroach but do no damage.
The giant cockroach bites you but does no damage.
You barely miss the giant cockroach.
The giant cockroach bites you but does no damage.
You hit the giant cockroach.
The giant cockroach is poisoned.
The giant cockroach is moderately wounded.
The giant cockroach closely misses you.
You hit the giant cockroach but do no damage.
The giant cockroach looks as sick as possible!
The giant cockroach is almost dead.
You kill the giant cockroach!
HP restored.
Found a stone staircase leading down.
e - 2 scrolls labelled KAEROSM KUOKE (gained 1)
There is a stone staircase leading down here.
As you open the door, it creaks loudly!
Ijyb the Twisted Goblin comes into view.
She is wielding a +3 spectral club, wearing a +1 ring mail of cold resistance and carrying a wand of iceblast (12).
Ijyb shouts!
Ijyb zaps a wand.
The mass of ice explodes!
The iceblast engulfs you!
Ouch! That really hurt!
You are too injured to fight recklessly!
Ijyb is nearby!
You are too injured to fight recklessly!
There is an open door here.
You closely miss Ijyb. Ijyb hits you with a +3 spectral club.
You completely miss Ijyb. Ijyb completely misses you.
You barely miss Ijyb. Ijyb hits you with a +3 spectral club!
* * * LOW HITPOINT WARNING * * *
You barely miss Ijyb. Ijyb hits you with a +3 spectral club.
You die...

#.######..###.
..............
......#... ..#
#....#..# #.#
#....#..###..
#....#...##.#
#..#...#.##.# ####
##.#.###.##.##...#
#.#.........@g..+
#.######.#.##...#
#.# #...# ...# #.#
##..# ...# #.#
#..# #### #.# ##>#
#.# #.# #.# #.#
#.# #.#


You could see Ijyb.

Vanquished Creatures
  A dart slug (D:1)
  2 giant cockroaches
  A goblin (D:1)
  2 hobgoblins (D:1)
  2 ball pythons
  2 bats (D:1)
  A frilled lizard (D:1)
  4 kobolds
  3 rats
18 creatures vanquished.

Notes
Turn   | Place    | Note
-------+----------+-------------------------------------------
     0 | D:1      | crabbyslav the Ogre Cinder Acolyte began the quest for the
                  | Orb.
     0 | D:1      | Reached XP level 1. HP: 24/24 MP: 2/2
   115 | D:1      | You fall into a shaft and drop 1 floor!
   347 | D:1      | Reached XP level 2. HP: 26/32 MP: 4/4
   426 | D:1      | Learned a level 2 spell: Scorch
   490 | D:1      | Found Lylimamm's Armour Emporium.
  1169 | D:3      | Noticed Ijyb
  1174 | D:3      | Slain by Ijyb

Illustrated notes

Levels and vault maps discovered:
D:1:      dpeg_arrival_lava_temple_mockup, layout_basic, serial_shops, shop
D:2:      layout_loops_cross, minmay_pentomino_t4, uniq_terence
D:3:      layout_basic, elyvilon_altar_5, shapermc_ecumenical_altar_notcrosses,
          kennysheep_generic_room_10, uniq_ijyb

Skill      XL: |  1  2 |
---------------+-------+-----
Maces & Flails | 3 |  3.1
Fighting       | |  4.2
Spellcasting   | |  1.7
Fire Magic     | |  2.9

Action                   || total
-------------------------++-------
Melee: Dagger            ||    42
       Mace              ||     7
 Cast: Scorch            ||     4
Armor: Robe              ||    24
Dodge: Dodged            ||    24
